 Dungeon Crawl Stone Soup version 0.19-a0-49-gb8736b8 (webtiles) character file.

101664 magipi the Grappler (level 15, 0/143 HPs)
             Began as a Troll Enchanter on Oct 29, 2015.
             Was the Champion of Makhleb.
             Slain by a demonic crawler (2 damage)
             ... on level 1 of the Spider Nest on May 6, 2016.
             The game lasted 03:02:02 (24564 turns).

magipi the Grappler (Troll Enchanter)              Turns: 24564, Time: 03:02:03

Health: 0/143      AC: 16    Str: 20    XL:     15   Next: 84%
Magic:  21/21      EV:  8    Int: 12    God:    Makhleb [******]
Gold:   576        SH:  0    Dex: 14    Spells: 6 memorised, 4 levels left

rFire  . . .     SeeInvis +       - Unarmed
rCold  . . .     Gourm    +     O - +3 mottled dragon armour
rNeg   . . .     Faith    .     (no shield)
rPois  .         Spirit   .     (helmet restricted)
rElec  .         Dismiss  .     u - +1 cloak
rCorr  .         Reflect  .     (gloves unavailable)
SustAt +         Harm     .     (boots unavailable)
MR     +....                    r - amulet of regeneration
Stlth  +.........               U - ring of sustain attributes
                                i - ring of see invisible

@: lethally poisoned (0 -> -19), repel missiles, somewhat resistant to hostile
enchantments, very unstealthy
A: unfitting armour, claws 3, fast metabolism 3, gourmand, regeneration 2,
shaggy fur 1, tough skin 2
a: Minor Destruction, Lesser Servant of Makhleb, Major Destruction, Greater
Servant of Makhleb, Renounce Religion


You were on level 1 of the Spider Nest.
You worshipped Makhleb.
Makhleb was exalted by your worship.
You were not hungry.

You visited 5 branches of the dungeon, and saw 29 of its levels.
You visited the Abyss 1 time.
You also visited: Labyrinth and Ice Cave.

You collected 2338 gold pieces.
You spent 1762 gold pieces at shops.

Notes
Turn   | Place    | Note
--------------------------------------------------------------
     0 | D:1      | magipi the Troll Enchanter began the quest for the Orb.
     0 | D:1      | Reached XP level 1. HP: 16/16 MP: 1/1
    42 | D:1      | Reached skill level 1 in Unarmed Combat
   139 | D:1      | Reached XP level 2. HP: 24/24 MP: 2/2
   514 | D:2      | Reached XP level 3. HP: 31/31 MP: 3/3
   541 | D:2      | Reached skill level 3 in Unarmed Combat
   880 | D:2      | Reached XP level 4. HP: 36/39 MP: 4/4
  1080 | D:2      | Reached skill level 4 in Unarmed Combat
  1389 | D:3      | Reached XP level 5. HP: 41/45 MP: 5/5
  1537 | D:3      | Reached skill level 5 in Unarmed Combat
  1766 | D:3      | Found a basalt altar of Yredelemnul.
  2092 | D:4      | Noticed an ogre
  2177 | D:4      | Found an iron altar of Okawaru.
  2224 | D:4      | Reached XP level 6. HP: 37/53 MP: 6/6
  2234 | D:4      | Reached skill level 6 in Unarmed Combat
  2271 | D:4      | Noticed an ice beast
  2332 | D:4      | Noticed Grinder
  2524 | D:4      | Killed an ogre
  2599 | D:5      | Entered Level 5 of the Dungeon
  2674 | D:5      | Reached XP level 7. HP: 51/59 MP: 6/8
  2776 | D:5      | Learned a level 3 spell: Confuse
  3071 | D:5      | Reached skill level 7 in Unarmed Combat
  3795 | D:6      | Reached XP level 8. HP: 64/67 MP: 10/10
  3939 | D:7      | You fall through a shaft!
  3950 | D:8      | Reached skill level 1 in Throwing
  4197 | D:7      | Reached skill level 8 in Unarmed Combat
  4237 | D:7      | Noticed Prince Ribbit
  4512 | D:6      | Found a staircase to the Ecumenical Temple.
  4518 | Temple   | Entered the Ecumenical Temple
  4561 | Temple   | Became a worshipper of Makhleb the Destroyer
  4633 | D:6      | Reached skill level 1 in Fighting
  4771 | D:8      | Reached skill level 9 in Unarmed Combat
  4848 | D:8      | Reached XP level 9. HP: 80/80 MP: 11/11
  4880 | D:8      | Reached * piety under Makhleb
  4905 | D:8      | Noticed a two-headed ogre
  4938 | D:8      | Killed a two-headed ogre
  5123 | D:8      | Noticed a hill giant
  5824 | D:9      | Reached skill level 10 in Unarmed Combat
  5999 | D:9      | Reached ** piety under Makhleb
  6118 | D:9      | Found Elonueg's Food Boutique.
  6152 | D:9      | Reached skill level 5 in Fighting
  6343 | D:9      | Found a bloodstained altar of Trog.
  6398 | D:9      | Reached skill level 1 in Invocations
  6432 | D:10     | Entered Level 10 of the Dungeon
  6924 | D:10     | Reached XP level 10. HP: 96/96 MP: 12/12
  6970 | D:10     | Found a staircase to the Lair.
  7038 | D:10     | Noticed a hill giant
  7081 | D:10     | Killed a hill giant
  7355 | D:10     | Reached *** piety under Makhleb
  7628 | D:11     | Noticed Sonja
  7637 | D:11     | Noticed Sonja
  7637 | D:11     | Sonja changed into Sonja the naga
  7640 | D:11     | Killed Sonja the naga
  7713 | D:10     | Noticed a white ugly thing
  8008 | D:11     | HP: 5/100 [poisoned by a kobold]
  8013 | D:11     | HP: 4/100 [poisoned by a kobold]
  8018 | D:11     | HP: 3/100 [poisoned by a kobold]
  8023 | D:11     | HP: 3/100 [poisoned by a kobold]
  8028 | D:11     | HP: 4/100 [poisoned by a kobold]
  8414 | Lair:1   | Entered Level 1 of the Lair of Beasts
  8501 | Lair:1   | Found a shattered altar of Ashenzari.
  8555 | Lair:1   | Reached skill level 5 in Invocations
  8982 | Lair:1   | Reached **** piety under Makhleb
  9192 | Lair:2   | Reached XP level 11. HP: 91/111 MP: 14/14
  9937 | Lair:3   | Noticed a four-headed hydra
 10111 | Lair:3   | Found a frozen archway.
 10197 | IceCv    | Entered an ice cave
 10214 | IceCv    | Reached skill level 1 in Armour
 10718 | Lair:3   | Found a hole to the Spider Nest.
 10824 | Lair:3   | Noticed a necromancer
 10915 | Lair:2   | Reached ***** piety under Makhleb
 10933 | Lair:3   | Noticed a five-headed hydra
 11326 | Lair:4   | Found a snail-covered altar of Cheibriados.
 11677 | Lair:4   | Reached skill level 5 in Dodging
 11867 | Lair:4   | Noticed a four-headed hydra
 12296 | Lair:5   | Reached XP level 12. HP: 120/120 MP: 17/17
 13054 | Lair:6   | Reached ****** piety under Makhleb
 13308 | Lair:6   | Noticed Snorg
 13450 | Lair:7   | Noticed Kirke
 13513 | Lair:7   | Killed Kirke
 13833 | Lair:7   | Reached skill level 10 in Invocations
 14055 | Lair:8   | Entered Level 8 of the Lair of Beasts
 14418 | Lair:8   | Noticed a six-headed hydra
 14507 | Lair:8   | Reached skill level 1 in Evocations
 14602 | Lair:8   | Noticed a fire dragon
 14635 | Lair:8   | Killed a fire dragon
 14911 | Lair:8   | Reached XP level 13. HP: 127/127 MP: 19/19
 14934 | Lair:8   | Reached skill level 5 in Armour
 14934 | Lair:8   | Reached XP level 14. HP: 72/136 MP: 20/20
 14935 | Lair:8   | Noticed an eight-headed hydra
 15674 | Lair:6   | Reached skill level 5 in Evocations
 16436 | Lair:5   | Found a staircase to the Shoals.
 17108 | D:11     | Noticed a manticore
 17123 | D:11     | Killed a manticore
 17786 | D:12     | Found a staircase to the Orcish Mines.
 17888 | D:12     | Upgraded the game from 0.17-a0-2231-gd80ca38 to 0.18-a0-1-gfac8111
 17892 | Orc:1    | Entered Level 1 of the Orcish Mines
 18298 | Orc:1    | Noticed Erolcha
 18786 | Orc:1    | Found a roughly hewn altar of Beogh.
 18819 | Orc:1    | Noticed Blork the orc
 18822 | Orc:1    | Killed Blork the orc
 19047 | Orc:3    | Found a staircase to the Elven Halls.
 19196 | Orc:4    | Entered Level 4 of the Orcish Mines
 19368 | Orc:4    | Found Cyowoinau's Food Shop.
 19616 | Orc:4    | Reached skill level 11 in Unarmed Combat
 20181 | Orc:4    | Reached XP level 15. HP: 143/143 MP: 21/21
 20211 | Orc:4    | Reached skill level 5 in Throwing
 20223 | Orc:4    | Found Nuten's Magic Scroll Shoppe.
 20223 | Orc:4    | Found Vooxayl's Distillery.
 20224 | Orc:4    | Found Aseroff's Assorted Antiques.
 20224 | Orc:4    | Found Nuos's Magic Scroll Shoppe.
 20245 | Orc:4    | Bought a potion of agility for 56 gold pieces
 20253 | Orc:4    | Bought a curved ivory wand for 128 gold pieces
 20253 | Orc:4    | Bought a black book for 480 gold pieces
 20258 | Orc:4    | Identified Sif Muna's Collected Works on the Frostbite (You bought it in a shop on level 4 of the Orcish Mines)
 20268 | Orc:4    | Bought a scroll of magic mapping for 45 gold pieces
 20268 | Orc:4    | Bought a scroll of blinking for 97 gold pieces
 20268 | Orc:4    | Bought a scroll of enchant armour for 97 gold pieces
 20278 | Orc:4    | Bought a potion of resistance for 140 gold pieces
 20279 | Orc:4    | Bought a scroll of enchant armour for 127 gold pieces
 20279 | Orc:4    | Bought a scroll of blinking for 127 gold pieces
 20279 | Orc:4    | Bought a scroll of blinking for 127 gold pieces
 20282 | Orc:4    | Bought a potion of agility for 56 gold pieces
 20359 | Orc:1    | Found Zeoqoc's Assorted Antiques.
 20370 | Orc:1    | Bought a scroll labeled IFYUSA XEDAJO for 31 gold pieces
 20370 | Orc:1    | Bought a faintly glowing robe for 176 gold pieces
 20376 | Orc:1    | Identified the +0 robe of Eternal Night {rElec Int+5} (You bought it in a shop on level 1 of the Orcish Mines)
 20953 | D:13     | Found a portal to a secret trove of treasure.
 21196 | D:13     | Found Kazi's Assorted Antiques.
 21331 | D:13     | Bought a glowing inky potion for 26 gold pieces
 21331 | D:13     | Bought an embroidered robe for 20 gold pieces
 21331 | D:13     | Bought a scroll labeled TAG IBREPPY for 29 gold pieces
 22035 | D:14     | Reached skill level 12 in Unarmed Combat
 22852 | D:15     | Entered Level 15 of the Dungeon
 22918 | D:15     | Found a labyrinth entrance.
 22918 | D:15     | Found a staircase to the Depths.
 23006 | Lab      | Entered a labyrinth
 23104 | Lab      | Learned a level 1 spell: Apportation
 23106 | Lab      | Learned a level 1 spell: Summon Butterflies
 23144 | Lab      | Learned a level 6 spell: Haste
 23768 | D:15     | Noticed Louise
 23778 | D:15     | Cast into the Abyss (Louise)
 23843 | Abyss:1  | Paralysed by you for 4 turns
 23863 | D:15     | Escaped the Abyss
 23956 | D:14     | Learned a level 2 spell: Repel Missiles
 24020 | D:14     | Found a gate to the Vaults.
 24065 | D:14     | Reached skill level 1 in Air Magic
 24077 | D:14     | Reached skill level 1 in Charms
 24317 | D:13     | Upgraded the game from 0.18-a0-1-gfac8111 to 0.19-a0-49-gb8736b8
 24543 | Spider:1 | Entered Level 1 of the Spider Nest
 24564 | Spider:1 | HP: 7/143 [wolf spider (10)]
 24564 | Spider:1 | HP: 2/143 [wolf spider (5)]
 24564 | Spider:1 | Slain by a demonic crawler

Inventory:

Hand Weapons
 b - a +2 blowgun
 k - a +0 giant spiked club
Missiles
 l - a throwing net
 y - a poisoned javelin
 C - 22 large rocks (quivered)
 D - 20 curare-tipped needles
 H - 86 poisoned needles
Armour
 e - a +2 robe of fire resistance
 u - a +1 cloak (worn)
 I - a +0 storm dragon armour
 O - a +3 mottled dragon armour (worn)
Jewellery
 a - an uncursed amulet of nothing
 i - a ring of see invisible (left claw)
 r - an amulet of regeneration (around neck)
 t - an uncursed ring of teleportation
 U - a ring of sustain attributes (right claw)
 Y - a +0 amulet of reflection
Wands
 q - a wand of paralysis (14/24)
 F - a wand of teleportation (6/9)
 K - a wand of iceblast (5/15)
 L - a wand of polymorph (13/24)
 S - a wand of teleportation (4/9)
 T - a wand of confusion (36/48)
 W - a wand of digging (1/24)
Scrolls
 g - 3 scrolls of fear
 s - 5 scrolls of recharging
 w - 7 scrolls of remove curse
 J - 6 scrolls of blinking
 R - 5 scrolls of identify
 X - a scroll of summoning
Potions
 h - a potion of cancellation
 j - 2 potions of lignification
 m - 8 potions of resistance
 o - a potion of heal wounds
 v - 3 potions of ambrosia
 z - a potion of berserk rage
 A - a potion of might
 B - 2 potions of invisibility
 E - a potion of flight
 G - a potion of magic
 Q - 7 potions of curing
 V - 2 potions of haste
 Z - 2 potions of agility
Books
 x - a book of Enchantments

   Spells                             Type                      Level
   a - Cause Fear                     Hexes                        4
   b - Yara's Violent Unravelling     Hexes/Transmutation          5
   c - Silence                        Hexes/Air                    5
   d - Deflect Missiles               Charms/Air                   6
   e - Haste                          Charms                       6
   f - Discord                        Hexes                        8
 N - a book of Air

   Spells                             Type                      Level
   a - Shock                          Conjuration/Air              1
   b - Swiftness                      Charms/Air                   2
   c - Repel Missiles                 Charms/Air                   2
   d - Static Discharge               Conjuration/Air              3
   e - Lightning Bolt                 Conjuration/Air              5
 P - an Akashic Record

   Spells                             Type                      Level
   a - Dispersal                      Translocation                6
   b - Malign Gateway                 Summoning/Translocation      7
   c - Disjunction                    Translocation                8
   d - Controlled Blink               Translocation                8
Comestibles
 d - 14 bread rations
 p - 7 meat rations
 M - 8 slices of pizza


   Skills:
 - Level 8.2 Fighting
   Level 0.7 Short Blades
 - Level 7.4 Throwing
 - Level 8.0 Armour
 - Level 8.3 Dodging
 - Level 1.7 Stealth
 - Level 12.6 Unarmed Combat
 - Level 2.0 Spellcasting
 - Level 3.6 Hexes
 + Level 1.9 Charms
 + Level 2.1 Air Magic
 - Level 10.3 Invocations
 - Level 9.0 Evocations


You had 4 spell levels left.
You knew the following spells:

 Your Spells              Type           Power        Failure   Level  Hunger
a - Apportation           Tloc           #.........   34%         1    ##.....
b - Corona                Hex            #......      10%         1    ##.....
c - Confuse               Hex            #.......     24%         3    ####...
h - Haste                 Chrm           #.......     100%        6    #######
m - Repel Missiles        Chrm/Air       #.....       21%         2    ###....
s - Summon Butterflies    Summ           #.......     34%         1    ##.....


Dungeon Overview and Level Annotations

Branches:
Dungeon (15/15)            Temple (1/1) D:6            Lair (8/8) D:10
 Shoals (0/4) Lair:5       Spider (1/4) Lair:3          Orc (4/4) D:12
    Elf (0/3) Orc:3        Vaults (0/5) D:14         Depths (0/5) D:15
  Slime: Lair:6-8

Altars:
Ashenzari
Cheibriados
Dithmenos
Elyvilon
Fedhas
Gozag
Kikubaaqudgha
Makhleb
Nemelex Xobeh
Okawaru
Qazlal
Ru
Sif Muna
Trog
Vehumet
Xom
Yredelemnul
Zin
The Shining One
Beogh

Shops:
D:9 %   D:13 *   Orc:1 *   Orc:4 %*??!

Portals:
Trove: D:13 (give horn of Geryon)

Annotations:
D:4 Grinder
D:6 exclusion: black bear
D:7 Prince Ribbit
D:15 Louise
Lair:6 exclusion: oklob plant, Snorg
Orc:1 Erolcha


Innate Abilities, Weirdness & Mutations

You are too large for most types of armour.
You have claws for hands.
Your metabolism is lightning-fast.
You like to eat raw meat.
You heal very quickly.
You are covered in fur (AC +1).
You have very tough skin (AC +2).

Vault maps used:
D:1:      erik_arrival_blinker_ship
D:2:      first_bread
D:3:      lemuel_doored_altar
D:4:      okawaru_gym_becter, uniq_grinder, uniq_eustachio
D:6:      minmay_temple_entry_fiery
D:7:      uniq_prince_ribbit1
D:8:      grunt_decor_fettered
D:9:      basic_altar, serial_shops, shop_statue, serial_glass, glass_columns_a,
          glass_columns_b
D:10:     lair_0_dummy, grunt_livestock
D:11:     uniq_sonja
D:12:     orc_0_dummy
D:13:     enter_trove_1, serial_shops, shop
D:14:     lightli_vaults_fourway_checkpoint, minmay_misc_feat_diagonals
D:15:     gammafunk_depths_entry_grave, lab_entry_generic, minmay_hedge_maze,
          uniq_louise
Temple:   grunt_circular_temple_18
Lair:1:   basic_altar, grunt_megastairs_2
Lair:2:   serial_bayou_shore_b, serial_bayou_shore_b
Lair:3:   nicolae_spider_entry_non_spiders, portal_ice_cave_entry_pillars_03,
          eino_house_with_fridge, infiniplex_staircase_pool
Lair:4:   wad_woods_stonehenge, lemuel_fruit_tree
Lair:5:   minmay_shoals_entry_beasts
Lair:6:   lemuel_slime, dpeg_slime_entry_enclosed_altar, uniq_snorg
Lair:7:   statuecave_lemuel, uniq_kirke
Lair:8:   guppyfry_lair_end_dragon
Orc:1:    basic_altar, serial_shops, shop, sword_in_stone, uniq_erolcha
Orc:2:    enter_volcano_3
Orc:3:    nicolae_orc_pool_cavern, minmay_orc_treasury
Orc:4:    st_orc_ogre_mass, serial_shops, shop_fountains
Lab:      nicolae_lab_do_over, nicolae_lab_lava, labyrinth_lava_lair
IceCv:    ice_cave_caverns_02


Message History

You climb downwards.
Welcome to the Spider Nest!
This branch contains the gossamer rune of Zot.
A demonic crawler comes into view.
The demonic crawler gives a hideous shriek!
Found 13 arrows, a scroll of identify and 3 fruits.
There is a crawl-hole back to the Lair here.
Unknown command.
A demonic crawler comes into view.
A wolf spider comes into view.
Found 17 stones.
Evoke which item? (* to show all) (? for menu, Esc to quit)
Okay, then.
You scratch the demonic crawler but do no damage.
The demonic crawler hits you. x2
The demonic crawler hits you but does no damage.
You mangle the demonic crawler!!
The demonic crawler is moderately wounded.
The demonic crawler hits you but does no damage.
The demonic crawler closely misses you. The demonic crawler hits you!
You claw the demonic crawler! Your claw misses the demonic crawler.
The demonic crawler is heavily wounded.
The demonic crawler hits you but does no damage.
The demonic crawler hits you.
The demonic crawler hits you but does no damage.
The wolf spider hisses angrily.
You scratch the demonic crawler.
The demonic crawler is heavily wounded.
The demonic crawler misses you. The demonic crawler hits you.
The demonic crawler hits you!
You scratch the demonic crawler.
The demonic crawler is heavily wounded.
The demonic crawler misses you. The demonic crawler barely misses you.
The demonic crawler hits you.
You claw the demonic crawler!
The demonic crawler is severely wounded.
The demonic crawler hits you but does no damage.
The demonic crawler closely misses you. The demonic crawler barely misses you.
You closely miss the demonic crawler.
The demonic crawler is severely wounded.
The demonic crawler hits you! The demonic crawler hits you.
The demonic crawler barely misses you. The wolf spider closely misses you.
The wolf spider bites you but does no damage.
You completely miss the demonic crawler.
The demonic crawler is severely wounded.
The demonic crawler hits you but does no damage. x3
The wolf spider hits you. The wolf spider bites you.
The demonic crawler gives a hideous shriek!
You scratch the demonic crawler.
The demonic crawler is severely wounded.
The wolf spider hits you!
The wolf spider bites you but does no damage.
The demonic crawler hits you but does no damage.
The demonic crawler hits you!
The demonic crawler hits you but does no damage.
A jumping spider comes into view.
The jumping spider hisses angrily.
You mangle the wolf spider!!
The wolf spider is moderately wounded.
The wolf spider hits you but does no damage.
The wolf spider bites you.
You are poisoned.
The wolf spider poisons you!
A tarantella comes into view.
You feel sick. The wolf spider hits you.
The wolf spider bites you but does no damage.
The wolf spider hits you.
The wolf spider bites you but does no damage.
A jumping spider comes into view.
You feel sick.
The demonic crawler hits you but does no damage.
The demonic crawler closely misses you. The demonic crawler barely misses you.
The wolf spider hits you! The wolf spider bites you!
The demonic crawler hits you but does no damage.
The demonic crawler hits you. The demonic crawler barely misses you.
You feel sick.
The demonic crawler closely misses you. x2
The demonic crawler misses you. The wolf spider completely misses you.
The wolf spider bites you.
* * * LOW HITPOINT WARNING * * *
You feel sick.
The jumping spider leaps!
The demonic crawler hits you!
* * * LOW HITPOINT WARNING * * *
The demonic crawler hits you.
* * * LOW HITPOINT WARNING * * *
The demonic crawler hits you but does no damage.
There is a crawl-hole back to the Lair here.
You feel sick. The wolf spider closely misses you. The wolf spider bites you.
* * * LOW HITPOINT WARNING * * *
The demonic crawler hits you but does no damage.
The demonic crawler hits you.
* * * LOW HITPOINT WARNING * * *
The demonic crawler barely misses you. The demonic crawler hits you.
* * * LOW HITPOINT WARNING * * *
The demonic crawler hits you but does no damage. x2
The wolf spider hits you!
* * * LOW HITPOINT WARNING * * *
The wolf spider bites you.
* * * LOW HITPOINT WARNING * * *
You are lethally poisoned!
The wolf spider poisons you! The demonic crawler misses you.
The demonic crawler hits you.
You die...

.# #### #.##...
...#..
.....#####
.##.#...#.##
#......#@s.#
#...ss.###
#..#.......##
...#..#..#ยง.^.#
.#....#.#.....#
.....#.?..#...##
..%##....#..###
(# .s.#..#..#
.^..###.^#


You could see 2 demonic crawlers and a wolf spider.

Vanquished Creatures
  Kirke (Lair:7)
  4 vault guards (D:14)
  A fire dragon (Lair:8)
  A minotaur (Lab)
  4 hydras
  A tengu warrior (D:13)
  A death yak (Lair:7)
  4 ogre magi (Orc:4)
  3 centaur warriors
  A thrashing horror (Abyss:1)
  A shock serpent (shapeshifter) (D:14)
  2 skeletal warriors
  A harpy (shapeshifter) (D:15)
  5 hill giants
  A tengu zombie (D:15)
  2 orc knights
  A necromancer (D:15)
  A flayed ghost (D:15)
  An unseen horror (D:15)
  A griffon (Lair:5)
  2 ugly things
  11 elephants (Lair:5)
  4 manticores
  5 cyclopes
  An apocalypse crab (Abyss:1)
  7 black mambas
  7 spiny frogs
  3 gargoyles
  A torpor snail (Lair:6)
  A kobold demonologist (D:13)
  8 komodo dragons
  A spiny frog (shapeshifter) (D:15)
  A guardian mummy (D:14)
  2 tengu conjurers (D:14)
  8 trolls
  A polar bear (Lair:2)
  4 rime drakes
  17 two-headed ogres
  A removed MONS_TRAPDOOR_SPIDER zombie (D:10)
  13 blink frogs
  2 spriggan zombies (D:15)
  9 slime creatures
  A boulder beetle (Lair:8)
  2 wraiths
  43 yaks
  A wyvern (Lair:8)
  2 centaur simulacra
  An ettin skeleton (D:15)
  A human (D:10)
  2 hogs
  A deep elf mage (D:11)
  3 hungry ghosts
  A vampire (D:13)
  15 hippogriffs
  5 basilisks
  A removed MONS_DEEP_ELF_FIGHTER (D:14)
  A vampire mosquito (D:14)
  4 steam dragons
  A warg (Orc:1)
  A naga (D:11)
  20 wolves
  A water moccasin (shapeshifter) (D:15)
  17 water moccasins
  2 phantoms
  6 mottled dragons
  2 swamp drakes (Lair:8)
  13 porcupines
  12 orc warriors
  5 sky beasts
  4 ice beasts
  2 wasps
  35 ogres
  A necrophage (D:13)
  16 crocodiles
  9 centaurs
  6 big kobolds
  14 giant frogs
  A gnoll sergeant (D:8)
  A wyvern skeleton (D:14)
  8 scorpions
  2 quasits
  10 wights
  6 crimson imps
  A giant frog zombie (D:8)
  3 jellies (Lair:6)
  5 centaur skeletons
  7 hounds
  2 giant frog skeletons
  25 orc wizards
  8 iguanas
  8 worker ants
  20 orc priests
  A yak simulacrum (Lair:3)
  22 sheep
  A killer bee zombie (D:5)
  2 worker ant zombies
  13 gnolls
  22 adders
  44 river rats
  18 oozes
  4 shadow imps
  An adder skeleton (D:5)
  4 worms
  5 giant geckos
  121 orcs
  6 giant cockroaches
  10 goblins
  3 hobgoblins (D:1)
  20 jackals
  5 quokkas
  3 ball pythons
  12 bats
  9 giant newts
  33 kobolds
  2 quokka zombies
  6 rats
871 creatures vanquished.

Vanquished Creatures (collateral kills)
  2 orc knights (Orc:1)
  An ogre (Orc:1)
  2 orc warriors (Orc:1)
  Blork the orc (Orc:1)
  2 orc priests (Orc:1)
  An orc wizard (Orc:1)
  9 orcs (Orc:1)
18 creatures vanquished.

Vanquished Creatures (others)
  3 humans (Lair:7)
  A yak (Lair:7)
  A hound (D:14)
  An iguana (Lair:8)
  2 bushes (D:15)
  34 fungi
  25 plants
67 creatures vanquished.

Grand Total: 956 creatures vanquished

Action                   |  1- 3 |  4- 6 |  7- 9 | 10-12 | 13-15 || total
-------------------------+-------+-------+-------+-------+-------++-------
Melee: Unarmed           |   119 |   200 |   390 |   934 |  1860 ||  3503
       Punch             |       |       |       |       |     2 ||     2
 Fire: Blowgun           |       |       |     4 |    22 |    42 ||    68
Throw: Javelin           |       |       |     6 |    23 |     2 ||    31
       Tomahawk          |       |       |     1 |     4 |     3 ||     8
       Large rock        |       |       |       |       |    15 ||    15
 Cast: Corona            |       |     1 |     7 |       |       ||     8
       Confuse           |       |       |     1 |       |     1 ||     2
       Repel Missiles    |       |       |       |       |     1 ||     1
Invok: Greater Servant o |       |       |       |       |     3 ||     3
 Abil: No ability        |       |       |       |       |     2 ||     2
Evoke: Club              |       |       |       |     6 |    10 ||    16
  Use: Scroll            |       |     2 |    20 |    20 |    26 ||    68
       Potion            |       |       |     3 |     6 |     3 ||    12
 Stab: Sleeping          |     2 |     4 |     3 |     4 |       ||    13
       Distracted        |       |       |       |     1 |     1 ||     2
  Eat: Chunk             |    13 |    16 |    40 |    80 |    87 ||   236
       Pizza             |       |       |     2 |       |     2 ||     4
       Beef jerky        |       |       |       |     2 |       ||     2
       Royal jelly       |       |       |       |     1 |     1 ||     2
       Fruit             |       |       |       |       |     8 ||     8
       Chunk             |       |       |       |       |     5 ||     5
Armor: Mottled dragon ar |       |       |       |       |    31 ||    31
Dodge: Dodged            |       |       |       |       |    29 ||    29

Action                   |  1- 3 |  4- 6 |  7- 9 | 10-12 | 13-15 || total
-------------------------+-------+-------+-------+-------+-------++-------
Melee: Unarmed           |   119 |   200 |   390 |   934 |  1860 ||  3503
       Punch             |       |       |       |       |     2 ||     2
 Fire: Blowgun           |       |       |     4 |    22 |    42 ||    68
Throw: Javelin           |       |       |     6 |    23 |     2 ||    31
       Tomahawk          |       |       |     1 |     4 |     3 ||     8
       Large rock        |       |       |       |       |    15 ||    15
 Cast: Corona            |       |     1 |     7 |       |       ||     8
       Confuse           |       |       |     1 |       |     1 ||     2
       Repel Missiles    |       |       |       |       |     1 ||     1
Invok: Greater Servant o |       |       |       |       |     3 ||     3
 Abil: No ability        |       |       |       |       |     2 ||     2
Evoke: Club              |       |       |       |     6 |    10 ||    16
  Use: Scroll            |       |     2 |    20 |    20 |    26 ||    68
       Potion            |       |       |     3 |     6 |     3 ||    12
 Stab: Sleeping          |     2 |     4 |     3 |     4 |       ||    13
       Distracted        |       |       |       |     1 |     1 ||     2
  Eat: Chunk             |    13 |    16 |    40 |    80 |    87 ||   236
       Pizza             |       |       |     2 |       |     2 ||     4
       Beef jerky        |       |       |       |     2 |       ||     2
       Royal jelly       |       |       |       |     1 |     1 ||     2
       Fruit             |       |       |       |       |     8 ||     8
       Chunk             |       |       |       |       |     5 ||     5
Armor: Mottled dragon ar |       |       |       |       |    31 ||    31
Dodge: Dodged            |       |       |       |       |    29 ||    29
